 Dungeon Crawl Stone Soup version 0.24.1-14-gf8d2b509d9 (webtiles) character file.

Game seed: 889801918770811142, levelgen mode: deterministic

14246 mortelune the Grappler (level 12, -4/114 HPs)
             Began as a Naga Transmuter on May 23, 2020.
             Was a Priest of Cheibriados.
             Killed from afar by Frances (14 damage)
             ... with a shard of ice
             ... on level 14 of the Dungeon.
             The game lasted 00:36:05 (17364 turns).

mortelune the Grappler (Naga Transmuter)           Turns: 17364, Time: 00:36:05

Health: -4/114     AC:  9    Str: 21    XL:     12   Next: 14%
Magic:  12/19      EV: 14    Int: 26    God:    Cheibriados [***...]
Gold:   780        SH:  0    Dex: 20    Spells: 6/21 levels left

rFire    + . .     SeeInvis +     - Unarmed
rCold    + . .     Gourm    .   (shield currently unavailable)
rNeg     . . .     Faith    .   o - +2 leather armour {rF+}
rPois    +         Spirit   .   (no helmet)
rElec    .         Reflect  .   y - +0 cloak
rCorr    .         Harm     .   (gloves currently unavailable)
MR       +....                  (no barding)
Stlth    +++.......             h - amulet of the acrobat
HPRegen  0.29/turn              I - ring of protection from cold
MPRegen  0.16/turn              B - ring of stealth

@: blade hands (expiring), very slow
A: large, see invisible, deformed body, poison resistance, slowness 2, slow
metabolism 1, spit poison 1, AC +4
a: Spit Poison, End Transformation, Bend Time, Temporal Distortion, Renounce
Religion


You were on level 14 of the Dungeon.
You worshipped Cheibriados.
Cheibriados was most pleased with you.
You were not hungry.
You had blades for hands.
You visited 2 branches of the dungeon, and saw 13 of its levels.

You collected 780 gold pieces.

Inventory:

Hand Weapons
 b - the +8 mace "Peps" {crush, rF+ rC+ Str+3}
   (You found it on level 4 of the Dungeon)

   It inflicts extra damage upon your enemies.
   It affects your strength (+3).
   It protects you from fire.
   It protects you from cold.
Missiles
 a - 131 arrows
 Q - 414 stones (quivered)
Armour
 i - the +7 chain mail of Past Mistakes {rC++ rN+ Int+3}
   (You found it on level 11 of the Dungeon)

   It affects your intelligence (+3).
   It greatly protects you from cold.
   It protects you from negative energy.
 l - a +2 scale mail of poison resistance
 o - a +2 leather armour of fire resistance (worn)
 r - a +0 robe
 y - a +0 cloak (worn)
Magical Staves
 w - an uncursed staff of wizardry (melded)
Jewellery
 h - an amulet of the acrobat (around neck)
 B - a ring of stealth (right scythe-like blade)
 C - an uncursed ring of resist corrosion
 I - a ring of protection from cold (left scythe-like blade)
 N - an uncursed ring of positive energy
Wands
 j - a wand of scattershot (5)
 m - a wand of flame (23)
 D - a wand of digging (6)
 F - a wand of acid (1)
 G - a wand of paralysis (14)
 H - a wand of polymorph (6)
 J - a wand of iceblast (14)
Scrolls
 c - 2 scrolls of magic mapping
 e - 4 scrolls of fear
 f - 2 scrolls of fog
 k - 2 scrolls of enchant armour
 n - a scroll of immolation
 q - 2 scrolls of remove curse
 t - 6 scrolls of teleportation
 u - 3 scrolls of enchant weapon
 x - 2 scrolls of silence
 E - a scroll of vulnerability
Potions
 g - 5 potions of curing
 s - 2 potions of flight
 v - 4 potions of lignification
 A - a potion of ambrosia
 K - a potion of might {unknown}
 O - a potion of mutation {unknown}
Miscellaneous
 z - a fan of gales
 L - a phantom mirror
Comestibles
 d - 18 rations


   Skills:
 + Level 9.0 Fighting
 - Level 0.7 Maces & Flails
 - Level 3.0 Armour
 * Level 6.5 Dodging
 + Level 9.2 Unarmed Combat
 + Level 5.2 Spellcasting
 * Level 8.4 Transmutations
 - Level 1.5 Ice Magic
 - Level 8.0 Invocations


You had 6 spell levels left.
You knew the following spells:

 Your Spells              Type           Power        Failure   Level  Hunger
a - Beastly Appendage     Tmut           ######       10%         1    None
b - Sticks to Snakes      Tmut           ######..     11%         2    None
c - Spider Form           Tmut/Pois      ####......   32%         3    #......
d - Ice Form              Ice/Tmut       ####....     47%         4    ###....
e - Blade Hands           Tmut           ######....   41%         5    #####..

Your spell library contained the following spells:

 Spells                   Type           Power        Failure   Level  Hunger
 Freeze                   Ice            ##..         32%         1    None
 Magic Dart               Conj           #...         43%         1    None
 Throw Frost              Conj/Ice       ##....       45%         2    None
 Poisonous Vapours        Pois/Air       #.....       52%         2    None
 Searing Ray              Conj           #.....       52%         2    None
 Ozocubu's Armour         Chrm/Ice       ##......     61%         3    #......
 Conjure Flame            Conj/Fire      #.......     69%         3    #......
 Dazzling Spray           Conj/Hex       #.....       69%         3    #......
 Mephitic Cloud           Conj/Pois/Air  #.......     69%         3    #......
 Summon Ice Beast         Ice/Summ       ##......     89%         4    ###....
 Throw Icicle             Conj/Ice       ##......     89%         4    ###....
 Force Lance              Conj/Tloc      #.......     94%         4    ###....
 Fulminant Prism          Conj/Hex       #.........   94%         4    ###....
 Iskenderun's Mystic Bla  Conj           #.......     94%         4    ###....
 Freezing Cloud           Conj/Ice/Air   #.........   100%        6    ######.
 Ring of Flames           Chrm/Fire      #.........   100%        7    #######


Dungeon Overview and Level Annotations

Branches:
Dungeon (11/15)            Temple (0/1) D:6            Lair (1/6) D:10
    Orc (0/2) D:10

Altars:
Ashenzari
Cheibriados
Dithmenos
Elyvilon
Hepliaklqana
Kikubaaqudgha
Nemelex Xobeh
Wu Jian
Xom
The Shining One

Annotations:
D:7 4 runed translucent doors
D:8 1 exclusion, Psyche
D:9 3 runed translucent doors, Bodigarde's ghost, novice OpTm
D:14 Frances; Nessos
Lair:1 Gastronok


Innate Abilities, Weirdness & Mutations

You cannot wear boots.
Your serpentine skin is tough. (AC +4)
You have supernaturally acute eyesight. (SInv)
Armour fits poorly on your strangely shaped body.
Your system is resistant to poisons. (rPois)
You cover ground very slowly.
You have a slow metabolism.
You can spit poison.


Message History

You slash Frances!
Frances is severely wounded.
Frances hits you with a +4 short sword of venom!
* * * LOW HITPOINT WARNING * * *
Okay, then.
You eat one of the 19 rations.
That ration really hit the spot!
Frances closely misses you.
Okay, then.
Okay, then.
Evoke which item? (* to show all) (? for menu, Esc to quit)
Aiming: Corrosive Bolt
Press: ? - help, Shift-Dir - straight line, f - Frances
Aim: Frances, wielding a +4 short sword of venom and wearing a +0 scale mail (severely wounded, fast, unusually agile)
The bolt of acid misses Frances.
The bolt of acid hits the ice devil!
The ice devil is splashed with acid.
The ice devil is moderately wounded.
Frances completely misses you.
Frances mutters in a terrible tongue.
The shard of ice hits you! You partially resist.
You die...

**,*p..,,,,,*
*,,,,,,,,,,*******
**,*..p..,,,*
*,,,,,,,,********,
,,,*.....,,,*
*,,,,,,,,,,,,,,,,,
****p##..#.,*
*,,,,,,,,,,,,,,,,, *
*.##.#*#.####*####..,,,,,,,,,,
####)##.#
#....##.....#*,,,,,,,,,
#.((.##.#
####.p43#**************
#)#####.###....#@##
))..........####@#
)...######### #<# .##.#*****
#.# ###...,,,**** #.#*** #
#####*,,,,***#..,,* #
****,,,*##.,,* # ***,,,,.,,* #
*****..,* # *,,,*


You could see Frances, an ice devil, a smoke demon and a human.

Vanquished Creatures
  Erolcha (D:10)
  A centaur warrior (D:14)
  A two-headed ogre (D:14)
  Urug (D:10)
  An unseen horror (D:14)
  An ugly thing (D:11)
  Pikel (D:5)
  Maurice (D:8)
  A black mamba (Lair:1)
  A tengu conjurer (D:14)
  A troll (D:10)
  A hornet (D:11)
  3 hippogriffs
  4 humans (D:14)
  6 yaks (D:10)
  A shadow (D:11)
  A wyvern (D:11)
  2 hungry ghosts
  A water moccasin (D:14)
  2 ice beasts
  4 orc warriors
  A black bear (D:11)
  2 sky beasts
  An eye of draining (D:10)
  5 ogres
  4 phantoms
  A crocodile (D:9)
  5 centaurs
  10 bullfrogs
  2 gnoll sergeants
  6 jellies
  2 scorpions
  3 killer bees (D:7)
  10 wights
  3 howler monkeys (D:6)
  10 crimson imps
  5 centaur zombies
  10 hounds
  A quasit (D:5)
  3 centaur skeletons
  3 iguanas
  5 orc priests
  2 bullfrog skeletons
  A gnoll shaman (D:4)
  Ijyb (D:4)
  Terence (D:3)
  11 orc wizards
  7 worker ants
  A hound zombie (D:6)
  18 gnolls
  13 adders
  2 shadow imps
  2 oozes
  An adder skeleton (D:2)
  A worm (D:2)
  A dart slug (D:3)
  5 leopard geckos
  55 orcs
  11 giant cockroaches
  12 goblins
  6 hobgoblins
  4 jackals
  9 kobolds
  3 quokkas
  A ball python (D:3)
  10 bats
  3 frilled lizards
  A jackal skeleton (D:7)
  A quokka skeleton (D:4)
  11 rats
322 creatures vanquished.

Vanquished Creatures (collateral kills)
  Prince Ribbit (D:5)
  A slave (D:5)
  A scorpion (D:8)
  A bullfrog skeleton (D:8)
  An orc wizard (D:6)
  A hound zombie (D:6)
  2 orcs
  A giant cockroach (D:6)
  3 goblins (D:4)
12 creatures vanquished.

Vanquished Creatures (others)
  A centaur zombie (D:14)
  A slave (D:5)
  A centaur (D:5)
  A human simulacrum (D:14)
  4 orcs
8 creatures vanquished.

Grand Total: 342 creatures vanquished

Notes
Turn   | Place    | Note
-------+----------+-------------------------------------------
     0 | D:1      | mortelune the Naga Transmuter began the quest for the Orb.
     0 | D:1      | Reached XP level 1. HP: 18/18 MP: 3/3
   510 | D:1      | Reached XP level 2. HP: 16/25 MP: 3/5
  1199 | D:1      | Learned a level 2 spell: Sticks to Snakes
  1397 | D:1      | Reached XP level 3. HP: 27/31 MP: 4/6
  1402 | D:1      | Learned a level 3 spell: Spider Form
  2036 | D:2      | Reached XP level 4. HP: 32/38 MP: 4/8
  2545 | D:2      | Found an ancient bone altar of Kikubaaqudgha.
  2830 | D:2      | Found a shattered altar of Ashenzari.
  2858 | D:2      | Found a shadowy altar of Dithmenos.
  2858 | D:2      | Found a snail-covered altar of Cheibriados.
  2865 | D:2      | Found a white marble altar of Elyvilon.
  3124 | D:2      | Reached XP level 5. HP: 41/44 MP: 1/9
  3448 | D:2      | Became a worshipper of Cheibriados the Contemplative
  3943 | D:3      | Reached skill level 5 in Transmutations
  3943 | D:3      | Reached XP level 6. HP: 38/51 MP: 8/11
  4078 | D:3      | Reached * piety under Cheibriados
  4141 | D:3      | Learned a level 4 spell: Ice Form
  5251 | D:3      | Noticed Terence
  5257 | D:3      | Killed Terence
  5411 | D:4      | Reached ** piety under Cheibriados
  5737 | D:4      | Noticed Ijyb
  5755 | D:4      | Killed Ijyb
  5908 | D:4      | Reached XP level 7. HP: 58/58 MP: 10/13
  6032 | D:4      | Got a pitted mace
  6083 | D:4      | Identified the +8 mace "Peps" {crush, rF+ rC+ Str+3} (You
                  | found it on level 4 of the Dungeon)
  6285 | D:4      | Found Jyxtesy's General Store.
  6478 | D:4      | Found a hazy altar of Hepliaklqana.
  6510 | D:5      | Entered Level 5 of the Dungeon
  6690 | D:5      | Noticed Prince Ribbit
  6894 | D:5      | Found a glowing golden altar of the Shining One.
  6914 | D:5      | Reached *** piety under Cheibriados
  7357 | D:5      | Killed Prince Ribbit
  7357 | D:5      | Reached XP level 8. HP: 63/69 MP: 2/14
  7624 | D:5      | Learned a level 5 spell: Blade Hands
  7703 | D:5      | Noticed Pikel
  7725 | D:5      | Killed Pikel
  8333 | D:6      | Reached skill level 5 in Unarmed Combat
  8639 | D:6      | Reached XP level 9. HP: 80/80 MP: 15/15
  8711 | D:6      | Found a shimmering altar of Xom.
  8711 | D:6      | Found an ornate altar of the Wu Jian Council.
  8712 | D:6      | Found a sparkling altar of Nemelex Xobeh.
  8727 | D:6      | Reached skill level 5 in Fighting
  8884 | D:6      | Found a staircase to the Ecumenical Temple.
  9035 | D:6      | Reached **** piety under Cheibriados
 10327 | D:6      | Reached skill level 5 in Invocations
 10941 | D:7      | Reached skill level 1 in Armour
 11544 | D:7      | Reached XP level 10. HP: 67/92 MP: 13/16
 12057 | D:7      | Found a large runed translucent door.
 12058 | D:7      | Found a large runed translucent door.
 12134 | D:7      | Found a large runed translucent door.
 12134 | D:7      | Found a large runed translucent door.
 12474 | D:8      | Noticed Maurice
 12488 | D:8      | Killed Maurice
 12688 | D:8      | Reached ***** piety under Cheibriados
 13154 | D:8      | Noticed Psyche
 13802 | D:9      | Found a runed translucent gate.
 13802 | D:9      | Found a runed translucent gate.
 13802 | D:9      | Found a runed translucent gate.
 13804 | D:9      | Noticed Bodigarde's ghost (novice OpTm)
 14420 | D:10     | Entered Level 10 of the Dungeon
 14420 | D:10     | Noticed Erolcha
 14420 | D:10     | Noticed Urug
 14578 | D:10     | Killed Erolcha
 14578 | D:10     | Reached XP level 11. HP: 80/103 MP: 9/17
 14796 | D:10     | Killed Urug
 15185 | D:10     | Reached skill level 5 in Dodging
 15370 | D:10     | Paralysed by a wight for 4 turns
 15457 | D:10     | Found a staircase to the Lair.
 15461 | D:10     | Found a staircase to the Orcish Mines.
 16086 | Lair:1   | Entered Level 1 of the Lair of Beasts
 16148 | Lair:1   | Noticed Gastronok
 16271 | D:11     | Reached skill level 1 in Ice Magic
 16295 | D:11     | Got a smoking chain mail
 16306 | D:11     | Identified the +7 chain mail of Past Mistakes {rC++ rN+
                  | Int+3} (You found it on level 11 of the Dungeon)
 16849 | D:11     | Noticed a purple ugly thing
 16864 | D:11     | Killed a purple ugly thing
 17123 | D:11     | You fall into a shaft and drop 3 floors!
 17196 | D:14     | Noticed a centaur warrior
 17197 | D:14     | Noticed an unseen horror
 17199 | D:14     | Killed an unseen horror
 17202 | D:14     | Killed a centaur warrior
 17211 | D:14     | Reached skill level 5 in Spellcasting
 17214 | D:14     | Reached XP level 12. HP: 94/112 MP: 9/19
 17215 | D:14     | Noticed a two-headed ogre
 17222 | D:14     | Noticed a two-headed ogre
 17228 | D:14     | Killed a two-headed ogre
 17313 | D:14     | Identified the ring "Wakhaleh" {rPois rN+ rCorr}
 17313 | D:14     | Noticed Nessos
 17350 | D:14     | Noticed Frances
 17364 | D:14     | Killed from afar by Frances

Levels and vault maps discovered:
D:1:      dpeg_arrival_shrine, layout_basic
D:2:      layout_basic, grunt_temple_overflow_open, overflow_temple_1_default
D:3:      layout_basic, uniq_terence
D:4:      kennysheep_the_goblin_king, layout_basic, lemuel_round_altar,
          serial_shops, shop
D:5:      layout_layer_cave, lemuel_crystal_altar, first_ration, uniq_pikel,
          uniq_prince_ribbit1, uniq_ijyb
D:6:      minmay_clustersquares, layout_gridville,
          gammafunk_temple_overflow_claw, minmay_temple_entry_overgrown
D:7:      layout_cave_pools, grunt_ogre_cave, minmay_hollow_rounded_squares
D:8:      layout_loops_ring, uniq_maurice, uniq_psyche
D:9:      layout_basic, ebering_ghost_rock_garden
D:10:     layout_rooms, lair_entry_dummy, david_orc_2, uniq_erolcha, uniq_urug
D:11:     layout_roguey
D:14:     layout_rooms, david_vaults_3, fedhas_altar_2,
          hangedman_abyss_or_decor_stabs, bh_circular_ruins, uniq_frances
Lair:1:   layout_cave_pods, lemuel_fruit_fields, infiniplex_staircase_pool,
          uniq_gastronok

Skill      XL: |  1  2  3  4  5  6  7  8  9 10 11 12 |
---------------+-------------------------------------+-----
Transmutations | 3 4 5 6 7 8 |  8.4
Spellcasting   | 3 4 5 |  5.2
Fighting       | 3 4 6 7 8 9 |  9.0
Unarmed Combat | 5 6 8 9 |  9.2
Invocations    | 3 6 7 8 |  8.0
Armour         | 1 3 |  3.0
Dodging        | 4 6 |  6.5
Ice Magic      | 1 |  1.5
Maces & Flails | |  0.7

Action                   |  1- 3 |  4- 6 |  7- 9 | 10-12 || total
-------------------------+-------+-------+-------+-------++-------
Melee: Unarmed           |    69 |   222 |   206 |   294 ||   791
       Headbutt          |     4 |     4 |     2 |       ||    10
       Mace              |       |       |    13 |       ||    13
       Staff             |       |       |     2 |     2 ||     4
       Punch             |       |       |     1 |     4 ||     5
Throw: Stone             |       |       |       |     2 ||     2
 Cast: Beastly Appendage |    12 |    11 |     2 |       ||    25
       Spider Form       |     2 |    41 |     9 |    13 ||    65
       Sticks to Snakes  |       |     5 |    11 |     8 ||    24
       Ice Form          |       |       |    28 |    10 ||    38
       Blade Hands       |       |       |     1 |    33 ||    34
Invok: Slouch            |       |       |     2 |     8 ||    10
 Abil: Spit Poison       |     1 |       |       |       ||     1
Evoke: Wand              |       |       |       |     5 ||     5
  Use: Scroll            |       |     5 |    12 |     6 ||    23
       Potion            |       |       |     1 |     1 ||     2
 Stab: Sleeping          |       |     2 |     1 |     2 ||     5
       Distracted        |       |       |     1 |     1 ||     2
  Eat: Chunk             |     2 |    14 |     7 |    12 ||    35
       Ration            |       |       |     3 |     4 ||     7
Armor: Robe              |     7 |    12 |       |       ||    19
       Skin              |       |     9 |    43 |    17 ||    69
       Leather armour    |       |       |    13 |    36 ||    49
       Scale mail        |       |       |     2 |     3 ||     5
       Chain mail        |       |       |       |     1 ||     1
Dodge: Dodged            |    40 |   218 |   214 |   331 ||   803
